 Dungeon Sprint DCSS version 0.21.1-1-g345015f (webtiles) character file.

1288 Fang the Cleaver (level 8, -9/126 (129) HPs)
             Began as a Minotaur Berserker on Apr 27, 2018.
             Was a High Priest of Trog.
             Mangled by a flying skull (10 damage)
             ... in the Dungeon (Sprint II: "The Violet Keep of Menkaure").
             The game lasted 00:03:22 (822 turns).

Fang the Cleaver (Minotaur Berserker)                Turns: 822, Time: 00:03:22

HP:   -9/126 (129)  AC:  2    Str: 29    XL:     8   Next: 30%
MP:   7/7           EV: 15    Int:  4    God:    Trog [*****.]
Gold: 980           SH:  0    Dex: 10    Spells: 7/7 levels left

rFire    . . .     SeeInvis .   a - +0 hand axe
rCold    . . .     Gourm    .   (no shield)
rNeg     . . .     Faith    .   b - +0 animal skin
rPois    .         Spirit   .   (helmet restricted)
rElec    .         Reflect  .   (no cloak)
rCorr    .         Harm     .   (no gloves)
MR       .....     NoTele   +   (no boots)
Stlth    ..........             (no amulet)
HPRegen  0.31/turn              (no ring)
MPRegen  0.10/turn              (no ring)

@: berserking, lethally poisoned (-9 -> -82), starving, slowed
A: retaliatory headbutt, horns 2
a: Berserk, Trog's Hand, Brothers in Arms, Burn Spellbooks, Renounce Religion


You were in the Dungeon.
You worshipped Trog.
Trog was extremely pleased with you.
You were starving.

You visited 1 branch You collected 980 gold pieces.

Inventory:

Hand Weapons
 a - a +0 hand axe (weapon)
Armour
 b - a +0 animal skin (worn)
Scrolls
 i - a scroll of blinking
Potions
 d - a potion of curing
 f - a potion of haste
 g - 2 potions of magic
 h - a potion of berserk rage
Comestibles
 c - a ration


   Skills:
 + Level 13.4 Fighting
 + Level 13.9 Axes
 + Level 7.2 Armour
 + Level 7.5 Dodging
 + Level 0.2 Stealth


You had 7 spell levels left.
You didn't know any spells.

Dungeon Overview and Level Annotations

Branches:
Dungeon (1/1)

Altars:
Okawaru
Vehumet
Zin

Shops:
D }(::%==![*[?(=!!

Annotations:
D exclusion: oklob plant


Innate Abilities, Weirdness & Mutations

You reflexively headbutt those who attack you in melee.
You have a pair of horns on your head.


Message History

You furiously retaliate!
You headbutt the flying skull. The flying skull hits you!
* * * LOW HITPOINT WARNING * * *
You slash the flying skull!
The flying skull is severely damaged.
You hit the flying skull. You slash the flying skull!
You closely miss the flying skull. You barely miss the flying skull.
You closely miss the flying skull.
You hit the flying skull but do no damage.
* * * LOW HITPOINT WARNING * * *
You feel very sick. The flying skull barely misses you.
The flying skull hits you.
* * * LOW HITPOINT WARNING * * *
The flying skull completely misses you. The flying skull closely misses you.
You furiously retaliate!
You headbutt the flying skull, but do no damage.
The flying skull hits you!
* * * LOW HITPOINT WARNING * * *
The flying skull hits you!
You die...

####+#### ##§§§§...##
##§§§§§§.§.##
+..§§§§..§§§#
###..§§§zz.§# #≈##.§.zzzz#
########≈≈#+++#z@z##
#######≈≈≈.....zz..#
.....∩#≈≈≈≈.##+##..#
....∩.#≈≈≈≈##. .##.####
...∩.∩#≈≈≈≈#..#..#....#
∩.∩.∩.#≈≈### #.# ###..##
.∩.∩..#≈##.# #'###.##..#
∩.∩...#≈#.#.##.##.###..#
.⌠....'≈'###'.<.'##.'..###


You could see 10 flying skulls.

Vanquished Creatures
  2 hippogriffs (D)
  2 flying skulls (D)
  Menkaure (D)
  4 necrophages (D)
  A scorpion (D)
  4 worker ants (D)
  3 worms (D)
17 creatures vanquished.

Vanquished Creatures (others)
  A crocodile (D)
1 creature vanquished.

Grand Total: 18 creatures vanquished

Notes
Turn   | Place    | Note
-------+----------+-------------------------------------------
     0 | D        | Fang the Minotaur Berserker began the quest for the Orb.
     0 | D        | Reached XP level 1. HP: 19/19 MP: 0/0
     1 | D        | Noticed a necrophage
     1 | D        | Noticed a necrophage
     1 | D        | Noticed a necrophage
     1 | D        | Noticed a necrophage
     7 | D        | Killed a necrophage
     7 | D        | Reached XP level 2. HP: 34/34 MP: 1/1
     7 | D        | Reached XP level 3. HP: 39/39 MP: 2/2
     7 | D        | Reached XP level 4. HP: 47/47 MP: 3/3
    12 | D        | Killed a necrophage
    12 | D        | Reached XP level 5. HP: 55/55 MP: 4/4
    18 | D        | Killed a necrophage
    18 | D        | Reached ** piety under Trog
    18 | D        | Reached skill level 5 in Armour
    20 | D        | Killed a necrophage
    20 | D        | Reached skill level 10 in Fighting
    20 | D        | Reached skill level 10 in Axes
    20 | D        | Reached skill level 5 in Dodging
    20 | D        | Reached XP level 6. HP: 64/64 MP: 5/5
    89 | D        | Reached *** piety under Trog
   300 | D        | Noticed a hippogriff
   300 | D        | Noticed a hippogriff
   323 | D        | Reached **** piety under Trog
   414 | D        | Killed a hippogriff
   414 | D        | Reached XP level 7. HP: 50/72 MP: 6/6
   415 | D        | Killed a hippogriff
   471 | D        | Found an iron altar of Okawaru.
   471 | D        | Found a radiant altar of Vehumet.
   484 | D        | Noticed a flying skull
   485 | D        | Noticed a flying skull
   485 | D        | Noticed a flying skull
   486 | D        | Noticed Menkaure
   489 | D        | Noticed a flying skull
   490 | D        | Noticed a flying skull
   490 | D        | Noticed a flying skull
   492 | D        | Noticed a flying skull
   492 | D        | Killed Menkaure
   493 | D        | Noticed a flying skull
   493 | D        | Noticed a flying skull
   493 | D        | Noticed a flying skull
   494 | D        | Noticed a flying skull
   494 | D        | Noticed a flying skull
   495 | D        | Found Raeqiaku's Distillery.
   495 | D        | Found Pyatweg's Distillery.
   496 | D        | Found Reogunn's Antique Weapon Shoppe.
   496 | D        | Found Wus Quz's Jewellery Emporium.
   497 | D        | Found Tuev's Antique Armour Shoppe.
   497 | D        | Found Looptoj's Magic Scroll Emporium.
   498 | D        | Found Tyzuk's Antique Armour Shoppe.
   498 | D        | Found Iprassat's Assorted Antiques.
   499 | D        | Found Ypluh's Distillery.
   500 | D        | Found Hoygreg's Jewellery Emporium.
   500 | D        | Found Ubuzisoh's Jewellery Shoppe.
   524 | D        | Found a glowing silver altar of Zin.
   571 | D        | Noticed a slime creature
   572 | D        | Found Woclup's Food Emporium.
   572 | D        | Found Omaragif's Book Shoppe.
   572 | D        | Noticed a slime creature
   572 | D        | Noticed a slime creature
   572 | D        | Noticed an oklob plant
   573 | D        | Found Tiritute's Antique Weapon Shoppe.
   573 | D        | Found Nurono's Book Shoppe.
   573 | D        | Found Uphul's Gadget Emporium.
   575 | D        | Noticed an iron elemental
   579 | D        | Noticed a hell hog
   580 | D        | Noticed a hell hog
   613 | D        | Reached ***** piety under Trog
   818 | D        | Killed a flying skull
   818 | D        | Reached XP level 8. HP: 85/85 MP: 7/7
   820 | D        | Killed a flying skull
   822 | D        | HP: 1/126 [flying skull (10)]
   822 | D        | Mangled by a flying skull

Skill      XL: |  1  2  3  4  5  6  7 |
---------------+----------------------+-----
Fighting       | 7 8 10 11 13 | 13.4
Axes           | 7 8 10 12 13 | 13.9
Armour         | 3 4 5 6 7 |  7.2
Dodging        | 3 4 5 6 7 |  7.5
Stealth        | |  0.2

Action                   |  1- 3 |  4- 6 |  7- 9 || total
-------------------------+-------+-------+-------++-------
Melee: Hand axe          |     3 |    43 |    11 ||    57
       Headbutt          |       |     8 |     1 ||     9
Invok: Berserk           |     1 |     1 |     2 ||     4
  Use: Potion            |       |       |     1 ||     1
  Eat: Chunk             |       |       |     1 ||     1
Armor: Animal skin       |       |     5 |     1 ||     6
Dodge: Dodged            |     3 |    21 |    21 ||    45
